 Dungeon Crawl Stone Soup version 0.32-a0-22-g6ae6769602 (webtiles) character file.

Game seed: 10427455602787444749

252 senseless the Changeling (level 6, -2/62 HPs)
             Began as an Oni Shapeshifter on Jan 18, 2024.
             Slain by a wyvern (18 damage)
             ... on level 4 of the Dungeon.
             The game lasted 00:04:42 (2529 turns).

senseless the Changeling (Oni Shapeshifter)         Turns: 2529, Time: 00:04:43

Health: -2/62      AC:  4    Str: 21    XL:     6   Next: 13%
Magic:  6/6        EV: 10    Int: 11    God:
Gold:   182        SH:  0    Dex:  8    Spells: 5/5 levels left

rFire   . .          .
                       - Unarmed
rCold   . . .        (no shield)
rNeg    . . .        a - +1 animal skin
rPois   .            (helmet currently unavailable)
rElec   .            (cloak currently unavailable)
rCorr   .            (gloves unavailable)
SInv    .            (boots unavailable)
Will    .....        (no amulet)
Stlth   +            (no ring)
HPRegen 0.30/turn    (no ring)
MPRegen 0.10/turn

%: no passive effects
@: beast-form, hasted, very quick
A: beast (slay +2), large, unfitting armour, horns 1, tough skin 1, double
potion healing, drunken brawling
a: Begin Untransformation


You were on level 4 of the Dungeon.
You were a hulking beast.
You visited 1 branch of the dungeon, and saw 4 of its levels.

You collected 182 gold pieces.

Inventory:

Hand Weapons
 i - a +1 falchion of electrocution
 l - a +1 short sword of speed
 o - a +0 giant spiked club
Missiles
 f - 11 poisoned darts (quivered)
Armour
 a - a +1 animal skin (worn)
Talismans
 c - a beast talisman
 d - a flux talisman
Scrolls
 g - 2 scrolls of fear
 h - a scroll of teleportation
 j - 2 scrolls of amnesia
 k - a scroll of immolation
Potions
 b - a potion of lignification
 e - a potion of haste
 m - 4 potions of curing
 n - a potion of mutation {unknown}


   Skills:
 + Level 3.9 Fighting
 + Level 3.2 Dodging
 + Level 3.8 Unarmed Combat
 + Level 4.0 Shapeshifting


You had 5 spell levels left.
You didn't know any spells.
Your spell library contained the following spells:

 Spells                   Type           Power      Damage    Failure   Level
 Blink                    Tloc           0%         N/A       47%         2
 Ensorcelled Hibernation  Hex/Ice        0%         N/A       47%         2
 Lesser Beckoning         Tloc           0%         N/A       47%         2
 Momentum Strike          Conj/Tloc      0%         3d8       47%         2
 Fugue of the Fallen      Necr           0%         N/A       71%         3
 Hailstorm                Conj/Ice       0%         3d5       71%         3
 Summon Ice Beast         Ice/Summ       0%         N/A       71%         3
 Anguish                  Hex/Necr       0%         N/A       98%         4
 Sculpt Simulacrum        Ice/Alch       0%         N/A       100%        6


Dungeon Overview and Level Annotations

Branches:
Dungeon (4/15)
 Temple: D:4-7

Altars:

Shops:
D:3 :

Annotations:
D:4 Dowan, Duvessa


Innate Abilities, Weirdness & Mutations

You are a hulking beast.
Your limbs bulge with bestial killing power. (Slay +2)
You are too large for most types of armour.
You have a pair of small horns on your head.
You have tough skin. (AC +1)
You gain doubled healing and magic from potions.
Whenever you drink a healing potion, you attack all around you.


Message History

The wyvern bites you.
You barely miss the wyvern. Your punch misses the wyvern.
The wyvern is heavily wounded.
The wyvern bites you!
You are too injured to fight recklessly!
You are too injured to fight recklessly!
You are too injured to fight recklessly!
You are too injured to fight recklessly!
You are too injured to fight recklessly!
You are too injured to fight recklessly!
You are too injured to fight recklessly!
You are too injured to fight recklessly!
You are too injured to fight recklessly!
You are too injured to fight recklessly!
You are too injured to fight recklessly!
You are too injured to fight recklessly!
You are too injured to fight recklessly!
You are too injured to fight recklessly!
You are too injured to fight recklessly!
You are too injured to fight recklessly!
You are too injured to fight recklessly!
You completely miss the wyvern.
The wyvern is heavily wounded.
You completely miss the wyvern. Your headbutt misses the wyvern.
The wyvern is heavily wounded.
The wyvern bites you but does no damage.
You hit the wyvern but do no damage.
The wyvern is heavily wounded.
The wyvern closely misses you.
You hit the wyvern.
The wyvern is heavily wounded.
The wyvern bites you.
You hit the wyvern.
The wyvern is severely wounded.
The wyvern bites you!
* * * LOW HITPOINT WARNING * * *
You hit the wyvern.
The wyvern is almost dead.
The wyvern bites you!!
You die...

#.....# ..# #.....#...#
######.....#...#
#....#.....'....
#.##.#.....### ######
.###.##...##.######....#k##e
.....)...............kh.h.e>
.###.####.#########e#..#.#.h
#.####.......hkhh#..#
#....#############..#
#######.# ..# ........# ..#
......### $.# ......#####[
..# '#...........
.##..######## .†##.#...####


You could see Duvessa, a wyvern and 2 jackals.

Vanquished Creatures
  An ogre (D:4)
  Natasha (thrice) (D:3)
  A gnoll (D:1)
  2 adders
  9 orcs (D:3)
  4 ball pythons
  4 bats
  5 endoplasms
  4 giant cockroaches
  5 goblins
  4 hobgoblins
  A jackal (D:4)
  5 quokkas
  4 kobolds
  5 rats
57 creatures vanquished.

Notes
Turn   | Place    | Note
-------+----------+-------------------------------------------
     0 | D:1      | senseless the Oni Shapeshifter began the quest for the Orb.
     0 | D:1      | Reached XP level 1. HP: 19/19 MP: 1/1
    37 | D:1      | Reached XP level 2. HP: 19/28 MP: 2/2
   260 | D:1      | Found a faded altar of an unknown god.
   336 | D:1      | Reached XP level 3. HP: 35/35 MP: 3/3
  1355 | D:3      | Noticed Natasha
  1363 | D:3      | Killed Natasha
  1364 | D:3      | Reached XP level 4. HP: 35/44 MP: 4/4
  1419 | D:3      | Noticed Natasha
  1430 | D:3      | Killed Natasha
  1544 | D:3      | Reached XP level 5. HP: 37/53 MP: 5/5
  1589 | D:3      | Noticed Natasha
  1604 | D:3      | Killed Natasha
  1728 | D:3      | Found Kocheter's Book Emporium.
  2273 | D:4      | Noticed an ogre
  2287 | D:4      | Killed an ogre
  2288 | D:4      | Reached skill level 4 in Shapeshifting
  2288 | D:4      | Reached XP level 6. HP: 8/62 MP: 6/6
  2508 | D:4      | Noticed Duvessa
  2508 | D:4      | Noticed Dowan
  2509 | D:4      | Noticed a wyvern
  2529 | D:4      | Slain by a wyvern

Illustrated notes

Levels and vault maps discovered:
D:1:      amcnicky_arrival_choice, layout_loops_ring,
          ebering_ecumenical_altar_hall, nrook_mini_backslash
D:2:      layout_loops_ring
D:3:      layout_basic, serial_shops, shop, uniq_natasha
D:4:      layout_basic, nicolae_kikubaaqudgha_miasma_corner,
          grunt_ministairs_15, minmay_door_square, uniq_duvessa

Skill      XL: |  1  2  3  4  5 |
---------------+----------------+-----
Dodging        | 2 3 |  3.2
Fighting       | 2 3 |  3.9
Unarmed Combat | 3 |  3.8
Shapeshifting  | 4 |  4.0

Action                     |  1- 3 |  4- 6 || total
---------------------------+-------+-------++-------
  Melee: Unarmed           |    86 |   101 ||   187
         Headbutt          |    11 |    13 ||    24
         Punch             |     1 |     2 ||     3
  Throw: Dart              |       |     5 ||     5
    Use: Scroll            |     9 |     1 ||    10
         Potion            |       |     1 ||     1
 Armour: Animal skin       |    55 |    60 ||   115
  Dodge: Dodged            |    45 |    53 ||    98

Table legend: (Time is in decaauts)
 A = Elapsed time spent in this place.
 B = Non-inter-level travel time spent in this place.
 C = Inter-level travel time spent in this place.
 D = Time resting spent in this place.
 E = Time spent auto-exploring this place.
 F = Levels seen in this place.
 G = Mean time per level.
                   A        B        C        D        E       F      G
               +--------+--------+--------+--------+--------+-----+--------+
         Total |   2513 |   2433 |     80 |      0 |   2048 |   4 |  628.2 |
       Dungeon |   2513 |   2433 |     80 |      0 |   2048 |   4 |  628.2 |
               +--------+--------+--------+--------+--------+-----+--------+

Top non-repeatable levels by time:
     D:3: 900 daAuts
     D:1: 788 daAuts
     D:2: 559 daAuts
     D:4: 265 daAuts
